 Dungeon Crawl Stone Soup version 0.18-a0-514-ga7d9996 (webtiles) character file.

1299 Sixotanaka the Destroyer (level 8, -2/50 HPs)
             Began as an Octopode Venom Mage on Dec 1, 2015.
             Slain by a water moccasin (5 damage)
             ... on level 6 of the Dungeon on Dec 2, 2015.
             The game lasted 00:21:22 (6664 turns).

Sixotanaka the Destroyer (Octopode Venom Mage)      Turns: 6664, Time: 00:21:22

Health: -2/50      AC:  1    Str:  9    XL:     8   Next: 56%
Magic:  11/11      EV: 12    Int: 20    God:
Gold:   226        SH:  0    Dex: 12    Spells: 3 memorised, 2 levels left

rFire  . . .     SeeInvis .     s - +2 quarterstaff (chaos)
rCold  . . .     Clarity  .     (shield currently unavailable)
rNeg   . . .     SustAt   .     (helmet restricted)
rPois  .         Gourm    .     (no amulet)
rElec  .         Spirit   .     w - ring of protection from magic
rCorr  .         Dismiss  .     (no ring)
rMut   .         Stasis   .     (no ring)
MR     +....                    (no ring)
Stlth  ++........               (no ring)
                                (no ring)
                                (no ring)
                                (no ring)

@: confused, lethally poisoned (-2 -> -32), somewhat resistant to hostile
enchantments, unstealthy
A: almost no armour, amphibious, 8 rings, constrict 8, camouflage 1, robust 1,
strong 1, gelatinous body 1
a: no special abilities


You were on level 6 of the Dungeon.
You were not hungry.

You visited 1 branch of the dungeon, and saw 6 of its levels.

You collected 226 gold pieces.


Innate Abilities, Weirdness & Mutations

You cannot wear most types of armour.
You are amphibious.
You can wear up to eight rings at the same time.
You can use your tentacles to constrict eight enemies at once.
Your skin changes colour to match your surroundings (Stealth).
Your rubbery body absorbs attacks (AC +1).
You are robust (+10% HP).
Your muscles are strong. (Str +2)


   Skills:
 - Level 2.0 Dodging
 - Level 2.6 Stealth
 - Level 2.0 Spellcasting
 + Level 8.7 Conjurations
 - Level 7.7 Poison Magic


You had 2 spell levels left.
You knew the following spells:

 Your Spells              Type           Power        Failure   Level  Hunger
c - Mephitic Cloud        Conj/Pois/Air  ###.....     6%          3    ###....
x - Venom Bolt            Conj/Pois      #####.....   17%         5    ######.
z - Sting                 Conj/Pois      ####         1%          1    #......


Dungeon Overview and Level Annotations

Branches:
Dungeon (6/15)             Temple (0/1) D:6

Altars:
Cheibriados
Elyvilon
Fedhas
Kikubaaqudgha
Nemelex Xobeh
Okawaru
Ru
Yredelemnul
The Shining One

Annotations:
D:5 1 exclusion, Menkaure

Inventory:

Hand Weapons
 q - a +2 dagger of holy wrath
   (You found it on level 3 of the Dungeon)
 s - a +2 quarterstaff of chaos (weapon)
   (You took it off Crazy Yiuf on level 3 of the Dungeon)
Missiles
 d - 19 poisoned needles
 i - 169 stones (quivered)
Magical Staves
 m - an uncursed staff of wizardry {!a}
Jewellery
 w - a ring of protection from magic (left tentacle)
Wands
 A - a wand of fire (12)
Scrolls
 c - 2 scrolls of teleportation {@r4}
 e - a scroll of fog {unknown}
 h - 2 scrolls of immolation {!r}
 t - a scroll of recharging
 v - a scroll of enchant weapon {unknown}
 y - a scroll of magic mapping {unknown}
Potions
 f - a potion of curing {unknown}
 j - a potion of magic {unknown}
 k - a potion of ambrosia {!q}
 l - 2 potions of poison {unknown}
 n - a potion of haste {unknown}
 p - 2 potions of lignification {unknown}
 r - a potion of flight {unknown}
 u - a potion of might {unknown}
 x - a potion of mutation {unknown}
 z - a potion of agility {unknown}
Books
 a - a Young Poisoner's Handbook
 g - a book of Geomancy
Comestibles
 b - a bread ration
 o - a meat ration
 B - 2 chunks of flesh

.....................'...........
.................###.#.......#.##
.###..#..........# #.#...........
.# #..#..##.###..# #.#######.#.##
.# #†.#..##.####)# #.#######.#(.
.# #.............# #.........#
.###..#..........###.######..
......#.#...####S#...........
.###....#...# #@............
........#...# #.#...........
.###.##.##..# #.#.#.#####..# .#
#.##.##..# #............. .#
#.##.##.># #.#.#.#####... .#
#.##.##..# #............. .#
.##.##..# #.#.#.#####.## .#
#.##..# #.#.#.# .#
.##.....####.#.#.#


You could see a water moccasin.


Message History

The water moccasin hisses angrily.
Casting: Sting
Aiming: Sting
Aim: a water moccasin (lightly wounded)
The sting misses the water moccasin.
Casting: Sting
Aiming: Sting
Okay, then.
Casting: Sting
Aiming: Sting
Aim: a water moccasin (lightly wounded)
The sting hits the water moccasin.
Casting: Sting
Aiming: Sting
Aim: a water moccasin (lightly wounded)
The sting misses the water moccasin.
The water moccasin bites you!
Wield which item (- for none, * to show all)? (? for menu, Esc to quit)
It is briefly surrounded by a scintillating aura of random colours.
s - a +2 quarterstaff of chaos (weapon)
The water moccasin bites you.
You miss the water moccasin. You grab the water moccasin.
You constrict the water moccasin, but do no damage.
The water moccasin bites you. The water moccasin closely misses you.
You barely miss the water moccasin. You constrict the water moccasin.
The water moccasin bites you. The water moccasin barely misses you.
You hit the water moccasin.
Space bends around the water moccasin.
You constrict the water moccasin. The water moccasin bites you.
* * * LOW HITPOINT WARNING * * *
You hit the water moccasin.
The water moccasin is poisoned.
Your squeeze misses the water moccasin. You constrict the water moccasin.
The water moccasin bites you!
* * * LOW HITPOINT WARNING * * *
The water moccasin bites you.
* * * LOW HITPOINT WARNING * * *
Drink which item? (? for menu, Esc to quit)
Really quaff
k - 2 potions of ambrosia {!q}?
Drink which item? (? for menu, Esc to quit)
Huh?
Drink which item? (? for menu, Esc to quit)
Okay, then.
Unknown command.
You release your grip on the water moccasin.
The water moccasin bites you!
* * * LOW HITPOINT WARNING * * *
Casting: Sting You don't have enough magic to cast that spell.
Drink which item? (? for menu, Esc to quit)
Really quaff
k - 2 potions of ambrosia {!q}?
You are confused.
You feel invigorated. The water moccasin bites you.
* * * LOW HITPOINT WARNING * * *
You are lethally poisoned!
The water moccasin poisons you!
You feel sick. The water moccasin closely misses you.
You feel sick. The water moccasin bites you.
* * * LOW HITPOINT WARNING * * *
You are lethally poisoned!
The water moccasin poisons you! The water moccasin bites you.
* * * LOW HITPOINT WARNING * * *
You are more poisoned.
The water moccasin poisons you!
* * * LOW HITPOINT WARNING * * *
You feel very sick.
You bump into the rock wall.
* * * LOW HITPOINT WARNING * * *
You feel very sick. The water moccasin bites you.
* * * LOW HITPOINT WARNING * * *
The water moccasin bites you.
You die...

Action                   |  1- 3 |  4- 6 |  7- 9 || total
-------------------------+-------+-------+-------++-------
Melee: Short sword       |     4 |       |       ||     4
       Dagger            |     1 |    16 |    13 ||    30
       Quarterstaff      |       |       |    14 ||    14
 Cast: Sting             |    80 |   160 |    78 ||   318
       Mephitic Cloud    |       |     2 |       ||     2
       Venom Bolt        |       |       |     5 ||     5
  Use: Scroll            |       |     7 |       ||     7
       Potion            |       |     2 |     1 ||     3
  Eat: Chunk             |     3 |    11 |     5 ||    19
       Bread ration      |       |       |     1 ||     1

Vault maps used:
D:1:      minmay_arrival_wavy_path, tso_altar
D:2:      kennysheep_ying_yang, minitemple, first_bread
D:3:      uniq_crazy_yiuf_cottage
D:5:      grunt_temple_overflow_open, uniq_menkaure
D:6:      minmay_temple_entry_glass, small_statue_intersection

Notes
Turn   | Place    | Note
--------------------------------------------------------------
     0 | D:1      | Sixotanaka the Octopode Venom Mage began the quest for the Orb.
     0 | D:1      | Reached XP level 1. HP: 11/11 MP: 3/3
   128 | D:1      | Reached skill level 1 in Conjurations
   289 | D:1      | Reached XP level 2. HP: 17/17 MP: 3/5
   415 | D:1      | Found a glowing golden altar of the Shining One.
   541 | D:1      | Reached skill level 2 in Conjurations
   957 | D:2      | Reached XP level 3. HP: 21/21 MP: 1/6
  1181 | D:2      | Found a white marble altar of Elyvilon.
  1225 | D:2      | Reached skill level 3 in Conjurations
  1406 | D:2      | Found a snail-covered altar of Cheibriados.
  1407 | D:2      | Found an iron altar of Okawaru.
  1410 | D:2      | Found a sparkling altar of Nemelex Xobeh.
  1450 | D:2      | Reached XP level 4. HP: 27/27 MP: 5/7
  1651 | D:2      | Gained mutation: Your muscles are strong. (Str +2) [potion of beneficial mutation]
  1652 | D:2      | Gained mutation: You are robust (+10% HP). [potion of beneficial mutation]
  1935 | D:2      | Found a basalt altar of Yredelemnul.
  2248 | D:2      | Learned a level 3 spell: Mephitic Cloud
  2257 | D:2      | Reached skill level 4 in Conjurations
  2451 | D:3      | Noticed Crazy Yiuf
  2512 | D:3      | Reached XP level 5. HP: 34/34 MP: 3/8
  2843 | D:3      | Reached skill level 5 in Poison Magic
  2851 | D:3      | zzxc: tentacled goodness
  2851 | D:3      | zzxc: http://oddshot.tv/shot/esea-20151201325759
  2851 | D:3      | zzxc: 'cameraman on point' yes
  2851 | D:3      | Upgraded the game from 0.18-a0-456-gaa2475c to 0.18-a0-486-gab6c0bd
  3010 | D:3      | Upgraded the game from 0.18-a0-486-gab6c0bd to 0.18-a0-514-ga7d9996
  3393 | D:3      | Reached XP level 6. HP: 39/39 MP: 7/9
  3503 | D:3      | Reached skill level 6 in Poison Magic
  3730 | D:3      | Killed Crazy Yiuf
  4166 | D:4      | Learned a level 5 spell: Venom Bolt
  4352 | D:4      | HP: 9/39 [poisoned by a worker ant]
  4352 | D:4      | Reached skill level 7 in Poison Magic
  4357 | D:4      | HP: 7/39 [poisoned by a worker ant]
  4364 | D:4      | HP: 5/39 [poisoned by a worker ant]
  4371 | D:4      | HP: 4/39 [poisoned by a worker ant]
  4379 | D:4      | HP: 3/39 [poisoned by a worker ant]
  4693 | D:4      | Reached XP level 7. HP: 45/45 MP: 6/10
  4840 | D:4      | Reached skill level 5 in Conjurations
  5112 | D:5      | Entered Level 5 of the Dungeon
  5134 | D:5      | Reached skill level 6 in Conjurations
  5228 | D:5      | Found a blossoming altar of Fedhas.
  5233 | D:5      | Found an ancient bone altar of Kikubaaqudgha.
  5233 | D:5      | Found a sacrificial altar of Ru.
  5265 | D:5      | Noticed Menkaure
  5611 | D:5      | Reached skill level 7 in Conjurations
  5611 | D:5      | Reached XP level 8. HP: 16/50 MP: 0/11
  6364 | D:6      | Reached skill level 8 in Conjurations
  6543 | D:6      | Found a staircase to the Ecumenical Temple.
  6659 | D:6      | HP: 7/50 [water moccasin (7)]
  6664 | D:6      | HP: 8/50 [poisoned by a water moccasin]
  6664 | D:6      | HP: 3/50 [water moccasin (5)]
  6664 | D:6      | Slain by a water moccasin

Vanquished Creatures
  2 sky beasts
  4 ogres
  A centaur (D:5)
  A gnoll sergeant (D:6)
  A scorpion (D:6)
  2 crimson imps
  2 orc wizards (D:5)
  A giant frog skeleton (D:5)
  Crazy Yiuf (D:3)
  A hound (D:4)
  A centaur skeleton (D:4)
  A worker ant (D:4)
  15 adders
  7 gnolls
  7 worms
  6 giant geckos
  7 orcs
  10 bats
  8 giant cockroaches
  11 hobgoblins
  5 jackals
  3 quokkas
  A ball python (D:1)
  7 giant newts
  5 goblins
  12 kobolds
  6 rats
128 creatures vanquished.
